 Dungeon Crawl Stone Soup version 0.26-b1-25-gafae2e710b (webtiles) character file.

Game seed: 3610601355197911464

216 ardl the Sneak (level 5, -4/41 HPs)
             Began as a Ghoul Brigand on Jan 2, 2021.
             Was an Initiate of Ru.
             Slain by an orc
             ... wielding a +0 trident
              (7 damage)
             ... on level 4 of the Dungeon.
             The game lasted 00:04:58 (2072 turns).

ardl the Sneak (Ghoul Brigand)                      Turns: 2072, Time: 00:04:59

Health: -4/41      AC:  5    Str: 16    XL:     5   Next: 93%
Magic:  4/4        EV: 11    Int:  6    God:    Ru [......]
Gold:   141        SH:  0    Dex: 10    Spells: 4/4 levels left

rFire    . . .     SeeInvis +   v - +2 dagger (venom)
rCold    + . .     Faith    .   (no shield)
rNeg     + + +     Spirit   .   s - +0 leather armour (curse)
rPois    ∞         Reflect  .   (no helmet)
rElec    .         Harm     .   c - +0 cloak
rCorr    .         Rampage  .   (no gloves)
Will     .....                  m - +0 pair of boots (curse)
Stlth    +++.......             a - amulet of the acrobat
HPRegen  0.00/turn              S - ring of see invisible
MPRegen  0.09/turn              h - ring of stealth

@: no status effects
A: claws 1, cold resistance 1, negative energy resistance 3, inhibited
regeneration, torment resistance, unbreathing
a: Renounce Religion


You were on level 4 of the Dungeon.
You worshipped Ru.
Ru was noncommittal.
You visited 1 branch of the dungeon, and saw 4 of its levels.

You collected 141 gold pieces.

Inventory:

Hand Weapons
 v - a +2 dagger of venom (weapon)
Missiles
 d - 8 poisoned darts (quivered)
 e - 2 curare-tipped darts
 n - 7 javelins
Armour
 b - a +0 robe
 c - a +0 cloak (worn)
 l - a +0 leather armour
 m - a cursed +0 pair of boots (worn)
 s - a cursed +0 leather armour (worn)
Jewellery
 a - an amulet of the acrobat (around neck)
 h - a ring of stealth (right claw)
 S - a ring of see invisible (left claw)
Scrolls
 g - a scroll of fear
 i - 3 scrolls of identify
 j - a scroll of immolation {unknown}
 q - a scroll of remove curse {unknown}
 r - a scroll of amnesia {unknown}
 t - a scroll of teleportation
 u - a scroll of enchant armour {unknown}
Potions
 f - 2 potions of flight {unknown}
 k - a potion of cancellation {unknown}
 o - 2 potions of brilliance
 p - 2 potions of curing {unknown}


   Skills:
 - Level 2.1 Fighting
 + Level 4.4 Short Blades
 - Level 1.7 Throwing
 - Level 0.8 Dodging
 - Level 4.6 Stealth
 - Level 3.2 Unarmed Combat


You had 4 spell levels left.
You didn't know any spells.
Your spell library was empty.

Dungeon Overview and Level Annotations

Branches:
Dungeon (4/15)
 Temple: D:4-7

Altars:
Ru


Innate Abilities, Weirdness & Mutations

You thrive by killing the living.
You are immune to poison.
You have sharp fingernails.
Your flesh is cold resistant. (rC+)
You are immune to negative energy. (rN+++)
You do not regenerate when monsters are visible.
You are immune to unholy pain and torment.
You can survive without breathing.


Message History

The orc barely misses you. The orc hits you but does no damage.
You barely miss the orc priest. The orc priest closely misses you.
You hit the orc priest.
The orc priest looks as sick as possible!
You kill the orc priest!
The orc hits you from afar with a +0 trident.
* * * LOW HITPOINT WARNING * * *
The orc wizard casts a spell.
The orc wizard blinks!
The orc closely misses you.
You take 2 damage, and have 9/41 hp.
You miss the orc wizard.
An adder comes into view.
The orc closely misses you.
The orc wizard hits you with a +0 dagger.
* * * LOW HITPOINT WARNING * * *
You take 6 damage, and have 3/41 hp.
The adder hisses angrily.
You hit the orc wizard.
The orc wizard is poisoned.
The orc barely misses you.
The orc hits you from afar with a +0 trident!
You die...

#... ... .. #.# ##
#o. .# #####o§#.##
......oo..# #@#.#
#...## ##o.$#
######...#
..........#
..........#########
.........>'.......#
..........#######.#
########### #.#


You could see 2 orc wizards and 3 orcs.

Vanquished Creatures
  A centaur (D:4)
  An orc priest (D:4)
  6 adders
  2 worms
  3 orcs
  5 giant cockroaches
  7 goblins
  5 hobgoblins
  7 bats
  5 kobolds
  3 rats
45 creatures vanquished.

Vanquished Creatures (others)
  2 plants (D:4)
2 creatures vanquished.

Grand Total: 47 creatures vanquished

Notes
Turn   | Place    | Note
-------+----------+-------------------------------------------
     0 | D:1      | ardl the Ghoul Brigand began the quest for the Orb.
     0 | D:1      | Reached XP level 1. HP: 17/17 MP: 0/0
   135 | D:1      | Reached skill level 1 in Unarmed Combat
   136 | D:1      | Reached XP level 2. HP: 17/24 MP: 1/1
   136 | D:1      | Saving game... please wait.
   765 | D:2      | Found a faded altar of an unknown god.
  1145 | D:3      | Reached XP level 3. HP: 26/29 MP: 2/2
  1390 | D:3      | Reached XP level 4. HP: 34/36 MP: 3/3
  1848 | D:4      | Noticed a centaur
  1859 | D:4      | Killed a centaur
  1860 | D:4      | Reached XP level 5. HP: 34/41 MP: 4/4
  1944 | D:4      | Found a sacrificial altar of Ru.
  1956 | D:4      | Became a worshipper of Ru the Awakened
  2072 | D:4      | Slain by an orc

Illustrated notes

Levels and vault maps discovered:
D:1:      psy_arrival_basics, layout_basic
D:2:      layout_basic, chequers_ecumenical_altar_twisty
D:3:      layout_loops_ring
D:4:      layout_basic, nicolae_ru_the_path_less_chosen

Skill      XL: |  1  2  3  4 |
---------------+-------------+-----
Unarmed Combat | 1 2 3 |  3.2
Short Blades   | 2 4 |  4.4
Fighting       | |  2.1
Throwing       | |  1.7
Dodging        | |  0.8
Stealth        | |  4.6

Action                   |  1- 3 |  4- 6 || total
-------------------------+-------+-------++-------
Melee: Dagger            |    61 |    80 ||   141
       Punch             |       |     2 ||     2
  Use: Scroll            |     2 |     2 ||     4
 Stab: Sleeping          |    15 |     4 ||    19
Armor: Leather armour    |    11 |    19 ||    30
Dodge: Dodged            |    18 |    57 ||    75
